Map: Oxide LE

Players

Epic

  • Race: Terran Terran

MaSa - Winner!

  • Race: Terran Terran

Event: DreamHack SC2 Masters 2021 Fall

VOD

Have the link to the VOD?

Description

Time

  • Played on: Aug. 8, 2021, 3:18 p.m.
  • Length: 9:17

All games in this series

Show
View Real Time Build Order
Export as new Build Order

Epic Terran 

Build Orders:  

Get SALT Encoding   

  12  0:00  SCV  
  13  0:12  SCV  
  14  0:16  Supply Depot  
  14  0:24  SCV  
  15  0:38  SCV  
  15  0:39  Barracks  
  16  0:43  Refinery  
  16  0:50  SCV  
  16  0:52  Refinery  
  17  1:02  SCV  
  18  1:14  SCV  
  19  1:26  Reaper, Orbital Command  
  20  1:38  Supply Depot  
  20  1:42  Factory  
  20  1:51  SCV  
  21  1:58  Reaper  
  22  2:04  SCV  
  22  2:19  Command Center  
  22  2:20  SCV  
  23  2:26  Hellion  
  25  2:30  Barracks Reactor  
  25  2:33  Supply Depot  
  25  2:36  SCV  
  26  2:52  SCV, Starport  
  27  2:59  Widow Mine  
  27  3:04  SCV  
  30  3:06  Marine x2  
  32  3:16  SCV  
  33  3:20  Factory Tech Lab  
  33  3:27  Marine x2  
  33  3:29  SCV, Starport Tech Lab  
  33  3:30  Orbital Command  
  33  3:32  Refinery  
  36  3:38  Cyclone  
  39  3:42  SCV  
  39  3:44  Marine  
  39  3:45  Marine  
  42  3:55  Supply Depot  
  42  3:56  SCV x2  
  42  4:02  Raven  
  45  4:07  Marine  
  45  4:08  Marine  
  45  4:09  SCV  
  47  4:12  SCV  
  48  4:18  Siege Tank  
  48  4:22  SCV  
  52  4:24  SCV  
  53  4:34  SCV, Barracks  
  53  4:35  Barracks  
  53  4:36  SCV  
  55  4:40  Engineering Bay  
  55  4:44  Supply Depot  
  55  4:46  SCV  
  55  4:48  SCV  
  57  4:54  Siege Tank  
  57  4:55  Starport Reactor  
  57  4:59  Stimpack  
  60  5:02  SCV x2  
  62  5:07  Terran Infantry Weapons Level 1  
  62  5:14  Marine, SCV x2, Supply Depot  
  63  5:22  Marine x2  
  63  5:26  SCV x2, Siege Tank  
  70  5:29  Supply Depot  
  70  5:36  Marine x3  
  70  5:37  Starport Reactor  
  70  5:39  Supply Depot  
  70  5:40  Marine x2  
  70  5:41  SCV  
  70  5:42  SCV  
  77  5:55  SCV x2  
  79  5:57  Marine x3  
  79  5:58  Marine x2  
  79  6:02  Siege Tank  
  87  6:09  Refinery  
  87  6:14  Medivac x2  
  89  6:18  Marine x3  
  89  6:19  Marine x2  
  91  6:36  Siege Tank  
  91  6:39  Marine  
  94  6:42  Supply Depot, Command Center  
  94  6:49  Supply Depot x2  
  94  6:53  Marine  
  94  6:57  SCV  
  94  7:02  Combat Shield  
  94  7:04  Marine x4, Medivac x2, Barracks x2  
  102  7:10  SCV  
  102  7:12  Marine  
  107  7:15  Siege Tank  
  107  7:21  Marine x2  
  100  7:30  Marine x3  
  100  7:37  Medivac x2  
  100  7:41  Bunker  
  91  7:48  Siege Tank  
  76  7:55  Marine x5  
  76  7:56  Marine x2  
  68  8:09  Medivac  
  69  8:13  Marine x5  
  69  8:14  Marine x2  
  76  8:22  Orbital Command  
  76  8:24  Siege Tank  
  79  8:30  Marine  
  79  8:31  Marine x4  
  84  8:36  Marine x2  
  84  8:38  Medivac  
  80  8:48  Marine x5  
  80  8:53  Marine  
  80  8:54  Marine  
Show
View Real Time Build Order
Export as new Build Order

MaSa Terran - Winner!

Build Orders: Cyclone Opening 

Get SALT Encoding   

  12  0:00  SCV  
  13  0:12  SCV  
  14  0:17  Supply Depot  
  14  0:24  SCV  
  15  0:39  SCV  
  15  0:40  Barracks  
  16  0:43  Refinery  
  16  0:48  Refinery  
  16  0:52  SCV  
  17  1:04  SCV  
  18  1:16  SCV  
  19  1:27  Reaper  
  19  1:29  Orbital Command  
  19  1:32  Supply Depot  
  20  1:45  Factory  
  20  1:54  SCV  
  20  1:59  Reaper  
  22  2:06  SCV  
  23  2:18  SCV  
  24  2:23  Command Center  
  24  2:28  Factory Tech Lab  
  24  2:33  Barracks Reactor  
  24  2:34  Supply Depot  
  24  2:36  SCV  
  25  2:46  Cyclone  
  25  2:48  SCV  
  29  3:02  SCV  
  29  3:06  Starport  
  29  3:09  Marine x2  
  31  3:14  SCV  
  32  3:20  Cyclone  
  32  3:25  Refinery  
  32  3:26  SCV  
  36  3:27  Marine  
  36  3:28  Marine  
  38  3:36  Orbital Command  
  38  3:39  SCV  
  39  3:42  Starport Tech Lab  
  39  3:45  Marine  
  40  3:52  SCV  
  40  3:54  Marine  
  43  4:02  SCV  
  43  4:03  Raven  
  43  4:07  SCV  
  46  4:10  Supply Depot  
  46  4:11  Marine  
  46  4:12  Marine  
  46  4:15  Siege Tank  
  51  4:18  SCV  
  51  4:21  SCV  
  53  4:26  Supply Depot  
  53  4:29  Starport  
  53  4:32  SCV  
  53  4:34  Marine  
  53  4:35  Refinery  
  53  4:37  Marine  
  56  4:40  SCV  
  57  4:47  SCV  
  57  4:52  Marine, Raven  
  59  4:54  Marine, SCV  
  62  5:02  SCV  
  62  5:04  Supply Depot, Siege Tank  
  66  5:10  Supply Depot  
  66  5:11  Viking  
  66  5:12  SCV  
  70  5:20  Supply Depot  
  70  5:22  SCV  
  70  5:26  SCV  
  71  5:34  SCV  
  72  5:36  Siege Tank  
  72  5:38  Marine  
  72  5:40  Supply Depot  
  72  5:41  Viking  
  78  5:45  Viking x2  
  78  5:46  SCV  
  83  5:50  SCV  
  84  5:58  Marine, SCV  
  84  6:02  Supply Depot, SCV  
  87  6:10  SCV  
  87  6:11  Viking  
  90  6:14  SCV  
  90  6:15  Liberator  
  90  6:16  Siege Tank  
  97  6:22  SCV  
  95  6:30  SCV  
  96  6:36  SCV  
  96  6:37  Viking  
  99  6:43  SCV  
  99  6:44  Supply Depot  
  100  6:47  Command Center  
  100  6:48  Viking, Siege Tank  
  100  6:49  SCV  
  106  6:56  SCV  
  106  6:58  Viking  
  106  7:01  SCV  
  110  7:06  Marine  
  110  7:07  Viking  
  113  7:18  Viking  
  113  7:19  SCV  
  112  7:25  SCV  
  112  7:28  Viking  
  113  7:31  SCV, Siege Tank  
  117  7:37  SCV  
  118  7:45  SCV  
  118  7:48  Viking x2  
  118  7:49  Supply Depot x2  
  113  7:56  SCV  
  102  8:01  SCV  
  102  8:03  Viking  
  105  8:12  SCV  
  106  8:17  Siege Tank  
  106  8:18  Marine, Viking  
  106  8:19  SCV  
  113  8:24  SCV  
  114  8:30  Orbital Command  
  114  8:31  SCV  
  115  8:36  SCV  
  115  8:37  Engineering Bay x2  
  116  8:41  Marine  
  116  8:43  SCV  
  116  8:48  SCV  
  120  8:54  Supply Depot  
  120  8:55  SCV, Barracks  
  121  8:59  SCV  
  121  9:00  SCV  

Tags
 
Add a new tag
Caveats
  • Supply blocks, unpowered buildings, or Contaminate may cause inaccurate times.
  • Supply counts are checked every 10 seconds.